 Dungeon Crawl Stone Soup version 0.31-a0-986-g5e6e4ef867 (webtiles) character file.

Game seed: 1188599433469256794

48785 avis the Spry (level 14, -4/69 HPs)
             Began as a Felid Shapeshifter on Nov 4, 2023.
             Was an Initiate of Gozag.
             Shot with an arrow by a deep elf archer (30 damage)
             ... on level 1 of the Elven Halls on Nov 5, 2023.
             The game lasted 02:34:09 (25349 turns).

avis the Spry (Felid Shapeshifter)                 Turns: 25349, Time: 02:34:09

Health: -4/69      AC:  7    Str: 10    XL:     14   Next: 13%
Magic:  20/20      EV: 31    Int: 13    God:    Gozag
Gold:   1275       SH:  0    Dex: 21    Spells: 12/20 levels left
                                        Lives:  0   Deaths: 5

rFire   + .          .
                       - Unarmed
rCold   + + .        (shield unavailable)
rNeg    . . .        (body armour unavailable)
rPois   .            (helmet unavailable)
rElec   .            (cloak unavailable)
rCorr   .            (gloves unavailable)
SInv    +            (boots unavailable)
Will    ++...        F - amulet "Jidwanel" {rC+ Regen+ Dex+2}
Stlth   +            y - +4 ring of protection
HPRegen 1.11/turn    v - ring of protection from fire
MPRegen 0.17/turn

%: no passive effects
@: flux-form, glowing, quick
A: glow, contaminating, very small, claws 1, fangs 3, see invisible, speed 1,
shaggy fur 3, stealthy paws, no weapons or thrown items, no armour, multi-lived
a: Begin Untransformation, Renounce Religion, Potion Petition, Call Merchant,
Bribe Branch


You were on level 1 of the Elven Halls.
You worshipped Gozag.
Gozag was most pleased with you.
You were something dangerously unstable.
You visited 5 branches of the dungeon, and saw 18 of its levels.
You also visited: Gauntlet and Ice Cave.

You collected 4568 gold pieces.
You spent 1479 gold pieces at shops.
You paid 1814 gold pieces to Gozag.

Inventory:

Jewellery
 g - an amulet of magic regeneration
 m - a +6 ring of strength
 o - a +4 ring of protection
 q - a ring of flight
 v - a ring of protection from fire (right paw)
 y - a +4 ring of protection (left paw)
 z - a ring of protection from cold
 C - a ring of wizardry
 F - the amulet "Jidwanel" (around neck) {rC+ Regen+ Dex+2}
   (You bought it in a shop on level 2 of the Orcish Mines)

   [amulet of regeneration]

   Dex+2:     It affects your dexterity (+2).
   rC+:       It protects you from cold.
   Regen+:    It increases your rate of health regeneration.
 L - an amulet of reflection
Talismans
 f - a flux talisman (active)
 X - a talisman of death
Wands
 a - a wand of charming (18)
 h - a wand of flame (43)
 w - a wand of light (6)
 A - a wand of polymorph (12)
 J - a wand of mindburst (5)
 K - a wand of roots (4)
Scrolls
 b - a scroll of silence {unknown}
 c - a scroll of blinking {unknown}
 d - a scroll of torment {unknown}
 e - 4 scrolls of fog
 i - a scroll of brand weapon {unknown}
 j - 7 scrolls of teleportation
 l - 3 scrolls of noise
 n - a scroll of acquirement {unknown}
 p - a scroll of enchant weapon {unknown}
 r - a scroll of enchant armour
 t - a scroll of poison
 D - a scroll of revelation
 I - a scroll of summoning {unknown}
Potions
 k - 3 potions of enlightenment
 s - a potion of invisibility
 u - 2 potions of magic
 x - a potion of lignification
 E - a potion of resistance
 G - a potion of berserk rage
 H - a potion of brilliance
Miscellaneous
 B - a condenser vane


   Skills:
 - Level 12.0 Fighting
 - Level 15.0 Dodging
 - Level 10.0 Unarmed Combat
 * Level 3.8 Spellcasting
 - Level 12.0 Translocations
 - Level 14.0 Shapeshifting


You had 12 spell levels left.
You knew the following spells:

 Your Spells              Type           Power      Damage    Failure   Level
g - Passage of Golubria   Tloc           33%        N/A       1%          4
m - Manifold Assault      Tloc           33%        N/A       1%          4

Your spell library contained the following spells:

 Spells                   Type           Power      Damage    Failure   Level
 Magic Dart               Conj           8%         1d3       22%         1
 Dispersal                Tloc           16%        N/A       24%         6
 Cigotuvi's Dreadful Rot  Necr/Pois/Air  4%         N/A       32%         2
 Ensorcelled Hibernation  Hex/Ice        4%         N/A       32%         2
 Jinxbite                 Hex            4%         N/A       32%         2
 Frozen Ramparts          Ice            4%         1d1       54%         3
 Inner Flame              Hex/Fire       2%         N/A       54%         3
 Anguish                  Hex/Necr       1%         N/A       91%         4
 Cause Fear               Hex            1%         N/A       91%         4
 Petrify                  Tmut/Erth      2%         N/A       91%         4
 Summon Ice Beast         Ice/Summ       2%         N/A       91%         4
 Alistair's Intoxication  Tmut/Pois      1%         N/A       99%         5
 Metabolic Englaciation   Hex/Ice        1%         N/A       99%         5
 Silence                  Hex/Air        1%         N/A       99%         5
 Summon Mana Viper        Hex/Summ       2%         N/A       99%         5
 Yara's Violent Unravell  Hex/Tmut       1%         3d3       99%         5
 Starburst                Conj/Fire      1%         6d3       100%        6
 Enfeeble                 Hex            1%         N/A       100%        7
 Monstrous Menagerie      Summ           1%         N/A       100%        7
 Disjunction              Tloc           16%        N/A       100%        8
 Lehudib's Crystal Spear  Conj/Erth      1%         10d2      100%        8


Dungeon Overview and Level Annotations

Branches:
Dungeon (10/15)            Temple (1/1) D:7            Lair (4/5) D:9
 Shoals (0/4) Lair:2        Snake (0/4) Lair:2          Orc (2/2) D:10
    Elf (1/3) Orc:2         IceCv (visited)         Gauntlet (visited)
  Slime: Lair:4-5

Altars:
Ashenzari
Cheibriados
Dithmenos
Elyvilon
Fedhas
Gozag
Hepliaklqana
Kikubaaqudgha
Makhleb
Nemelex Xobeh
Okawaru
Qazlal
Ru
Sif Muna
Trog
Uskayaw
Vehumet
Wu Jian
Xom
Yredelemnul
Zin
The Shining One

Shops:
D:4 [*!::   D:5 =(   D:10 (   Orc:2 (==([   Elf:1 [   Lair:1 :*

Annotations:
Lair:3 2 transporters, Vade Gum's ghost, journeyman DsGl
Lair:4 3 runed translucent doors, Pecete's ghost, journeyman DrDe


Innate Abilities, Weirdness & Mutations

You are something dangerously unstable.
You glow with magical radiation, making you easy to see and hit.
Foes you strike become dangerously contaminated with magical radiation.
You have sharp claws.
You have razor-sharp teeth.
You have supernaturally acute eyesight. (SInv)
You cover ground quickly. (Speed+)
Your thick and shaggy fur keeps you warm. (AC +3, rC+)
Your paws help you pounce on unaware monsters.
You are incapable of wielding weapons or throwing items.
You cannot wear armour.
You gain extra lives every three experience levels.


Message History

You bite the deep elf archer, but do no damage.
The deep elf archer is almost dead.
The deep elf archer completely misses you.
You scratch the deep elf archer.
The deep elf archer glows dangerously bright.
You bite the deep elf archer.
The deep elf archer is almost dead.
The deep elf archer mumbles some strange words.
The deep elf archer blinks!
You scratch the deep elf archer.
You kill the deep elf archer!
You now have 1275 gold pieces (gained 6).
Things that are here:
a +0 short sword; a +0 shortbow; a +0 leather armour
j - 7 scrolls of teleportation (gained 1)
There is an entrance to Gonudd's Antique Armour Emporium here.
A deep elf archer comes into view. It is wielding a +0 short sword.
The deep elf archer shouts!
The deep elf archer unwields a +0 short sword.
The deep elf archer wields a +0 longbow.
The deep elf archer shoots an arrow.
The arrow hits you!!
The deep elf archer shoots an arrow.
The arrow hits you!
The deep elf archer casts a spell at you.
You are confused.
You bump into the rock wall.
The deep elf archer shoots an arrow.
The arrow barely misses you.
You bump into the rock wall.
The deep elf archer shoots an arrow.
The arrow hits you!
You bump into the rock wall.
The deep elf archer shoots an arrow.
The arrow barely misses you.
You're too confused to move!
The deep elf archer shoots an arrow.
The arrow completely misses you.
The deep elf archer shoots an arrow.
The arrow completely misses you.
You bump into the rock wall.
The deep elf archer shoots an arrow.
The arrow completely misses you.
Found a book of Winter.
You feel less confused.
The deep elf archer shoots an arrow.
The arrow hits you!!
You die...
Your body crumbles into a pile of gold.

#.)##
##.##
#..# .
#.#.#
.#
#.##.#
.# #.#
#.# .#
#.#
#.## .#
#.#
##.##.#
.#
##p.#
#..#
.##.#
.# #..
.# .e.
.# ...#
.# ..#
#: .##


You could see a deep elf archer (repels missiles).

Vanquished Creatures
  Saint Roka (Orc:2)
  An orc warlord (Orc:1)
  Nessos (Orc:2)
  A minotaur (Gauntlet)
  Snorg (Lair:3)
  A hell beast (Gauntlet)
  2 hydras (Lair:2)
  2 catoblepae
  7 death yaks
  2 two-headed ogres
  4 orc high priests
  2 lindwurms
  A deep elf archer (Elf:1)
  A necromancer (D:9)
  2 orc sorcerers
  4 black mambas
  3 elephants
  Joseph (Lair:1)
  7 cane toads
  3 gargoyles
  A rime drake (Lair:1)
  3 komodo dragons
  8 trolls
  A polar bear (Lair:2)
  A hornet (D:10)
  Prince Ribbit (D:8)
  5 blink frogs
  6 dream sheep (Lair:4)
  A snapping turtle (Lair:2)
  A wraith (D:9)
  25 yaks
  A shadow (D:10)
  A water elemental (Lair:1)
  6 wyverns
  2 basilisks (Lair:3)
  3 wargs
  Edmund (D:4)
  2 acid dragons (D:10)
  16 water moccasins
  A hell hound (Gauntlet)
  Duvessa (D:6)
  41 orc warriors
  3 sky beasts (D:7)
  4 black bears
  An ice beast (D:5)
  4 ogres
  12 wolves
  5 centaurs
  2 kobold brigands
  20 bullfrogs
  3 gnoll sergeants
  A cane toad simulacrum (IceCv)
  2 two-headed ogre simulacra (IceCv)
  3 scorpions
  17 wights
  Dowan (D:6)
  2 elephant simulacra (IceCv)
  14 killer bees
  4 howler monkeys
  9 orc priests
  4 hounds
  4 jellies
  4 iguanas
  A sleepcap (D:7)
  28 orc wizards
  A hell rat (Lair:4)
  3 yak simulacra (D:9)
  2 wolf simulacra (D:9)
  3 polar bear simulacra (D:9)
  A spriggan simulacrum (IceCv)
  A troll simulacrum (IceCv)
  21 gnolls
  12 river rats
  3 adders
  A naga simulacrum (IceCv)
  3 shadow imps
  4 white imps
  3 ufetubi
  4 worms
  2 dart slugs
  86 orcs
  3 endoplasms
  4 giant cockroaches
  6 goblins
  10 hobgoblins
  8 jackals
  5 quokkas
  5 ball pythons
  6 bats
  A frilled lizard (D:3)
  12 kobolds
  11 rats
  2 river rat simulacra (D:9)
546 creatures vanquished.

Vanquished Creatures (others)
  A yak (D:9)
1 creature vanquished.

Grand Total: 547 creatures vanquished

Notes
Turn   | Place    | Note
-------+----------+-------------------------------------------
     0 | D:1      | avis the Felid Shapeshifter began the quest for the Orb.
     0 | D:1      | Reached XP level 1. HP: 9/9 MP: 2/2
    84 | D:1      | Reached skill level 3 in Dodging
   378 | D:1      | Reached XP level 2. HP: 12/12 MP: 3/3
  1499 | D:2      | Reached XP level 3. HP: 16/16 MP: 4/4
  1789 | D:2      | Reached skill level 4 in Dodging
  2152 | D:2      | Reached skill level 5 in Dodging
  2152 | D:2      | Reached XP level 4. HP: 14/19 MP: 5/5
  2539 | D:3      | Found a sacrificial altar of Ru.
  2916 | D:4      | Noticed Edmund
  2924 | D:4      | Found Vakhlux's Book Emporium.
  2962 | D:4      | Found Xaxkeado's Book Emporium.
  3059 | D:4      | Found Sisio's General Store.
  3064 | D:4      | Reached XP level 5. HP: 7/24 MP: 6/6
  3202 | D:3      | Reached skill level 6 in Dodging
  3331 | D:4      | Found Gomexyho's Distillery.
  3547 | D:4      | Identified the +1 scale mail "Joahil" {rElec rC+ Slay+3}
  3661 | D:4      | Reached skill level 7 in Dodging
  3763 | D:4      | Gained mutation: You are covered in thick fur. (AC +2)
                  | [Felid growth]
  3763 | D:4      | Reached XP level 6. HP: 28/28 MP: 7/7
  3763 | D:4      | Found a hazy altar of Hepliaklqana.
  3821 | D:4      | Found Tihed's Antique Armour Boutique.
  3849 | D:4      | You are sucked into a shaft and drop 2 floors!
  3937 | D:5      | Entered Level 5 of the Dungeon
  3937 | D:5      | Found Ceweuqux's Jewellery Emporium.
  4019 | D:5      | Reached skill level 5 in Shapeshifting
  4078 | D:5      | Found Emmehyr's Antique Weapon Boutique.
  4251 | D:5      | Reached XP level 7. HP: 19/31 MP: 8/8
  5072 | D:4      | Killed Edmund
  5515 | D:5      | Reached skill level 8 in Dodging
  5585 | D:5      | Noticed a yak
  5586 | D:5      | Noticed a shadow
  6046 | D:6      | Noticed Dowan
  6088 | D:6      | Reached XP level 8. HP: 34/34 MP: 9/9
  6107 | D:6      | Noticed Duvessa
  6117 | D:6      | Killed Duvessa
  6118 | D:6      | Reached skill level 9 in Dodging
  6131 | D:6      | Killed Dowan
  6369 | D:6      | Reached skill level 10 in Dodging
  6677 | D:6      | Reached skill level 11 in Dodging
  6895 | D:6      | Reached XP level 9. HP: 15/39 MP: 10/10
  7286 | D:7      | Found a glowing silver altar of Zin.
  7449 | D:7      | Found a staircase to the Ecumenical Temple.
  7454 | Temple   | Entered the Ecumenical Temple
  7496 | D:7      | Noticed a gargoyle
  7563 | Temple   | Killed a gargoyle
  7564 | Temple   | Reached skill level 12 in Dodging
  7618 | D:7      | Reached skill level 10 in Shapeshifting
  8151 | D:7      | Found an ancient bone altar of Kikubaaqudgha.
  8239 | D:7      | Noticed a two-headed ogre
  8308 | D:7      | Killed a two-headed ogre
  8309 | D:7      | Reached skill level 13 in Dodging
  8309 | D:7      | Reached XP level 10. HP: 24/42 MP: 11/11
  9227 | D:8      | Noticed Prince Ribbit
  9246 | D:8      | Killed Prince Ribbit
  9397 | D:8      | Found an ornate altar of the Wu Jian Council.
  9578 | D:8      | Reached skill level 14 in Dodging
  9867 | D:9      | Found an iron altar of Okawaru.
 10061 | D:9      | Found a staircase to the Lair.
 10133 | D:9      | Noticed a two-headed ogre
 10144 | D:9      | Killed a two-headed ogre
 10243 | D:9      | Noticed a necromancer
 10261 | D:9      | Killed from afar by a necromancer
 10311 | D:9      | Killed a necromancer
 10312 | D:9      | Reached skill level 15 in Dodging
 10312 | D:9      | Reached XP level 11. HP: 46/46 MP: 12/12
 10568 | D:9      | Noticed a +0 hand axe
 10568 | D:9      | Noticed a +0 hand axe
 10571 | D:9      | Found a hide-covered altar of Uskayaw.
 11182 | D:10     | Entered Level 10 of the Dungeon
 11310 | D:10     | Found a radiant altar of Vehumet.
 11506 | D:10     | Found a staircase to the Orcish Mines.
 11509 | D:10     | Found Faecleopn's Weapon Shoppe.
 11671 | D:10     | Found an opulent altar of Gozag.
 11678 | D:10     | Became a worshipper of Gozag Ym Sagoz the Greedy
 11967 | D:10     | Reached skill level 5 in Fighting
 12531 | D:4      | Bought a potion of magic for 88 gold pieces
 12531 | D:4      | Bought a potion of curing for 33 gold pieces
 12531 | D:4      | Bought a potion of berserk rage for 55 gold pieces
 12531 | D:4      | Bought a potion of brilliance for 44 gold pieces
 12531 | D:4      | Bought a potion of haste for 110 gold pieces
 12531 | D:4      | Bought a potion of haste for 110 gold pieces
 12567 | D:4      | Bought a scroll of teleportation for 33 gold pieces
 12567 | D:4      | Bought a wand of charming (8) for 211 gold pieces
 12686 | Lair:1   | Entered Level 1 of the Lair of Beasts
 12799 | Lair:1   | Noticed Joseph
 12836 | Lair:1   | Killed Joseph
 13406 | Lair:1   | Noticed a catoblepas
 13437 | Lair:1   | Mangled by a catoblepas
 13471 | Lair:1   | Killed a catoblepas
 13472 | Lair:1   | Reached skill level 5 in Unarmed Combat
 14115 | Lair:1   | Learned a level 4 spell: Manifold Assault
 14126 | Lair:2   | Noticed a lindwurm
 14347 | Lair:1   | Killed a lindwurm
 14348 | Lair:1   | Gained mutation: Your thick and shaggy fur keeps you warm.
                  | (AC +3, rC+) [Felid growth]
 14348 | Lair:1   | Reached XP level 12. HP: 45/54 MP: 13/13
 14546 | Lair:2   | Found a staircase to the Shoals.
 14778 | Lair:2   | Noticed a seven-headed hydra
 14792 | Lair:2   | Killed a seven-headed hydra
 15274 | Lair:2   | Found a staircase to the Snake Pit.
 15278 | Lair:2   | Noticed a seven-headed hydra
 15321 | Lair:2   | Slain by a seven-headed hydra
 15498 | Lair:2   | Killed a seven-headed hydra
 15545 | Lair:2   | Noticed a catoblepas
 15555 | Lair:2   | Killed a catoblepas
 15693 | Lair:2   | Noticed a death yak
 15693 | Lair:2   | Noticed a death yak
 15693 | Lair:2   | Noticed a death yak
 15733 | Lair:1   | Killed a death yak
 15815 | Lair:1   | Killed a death yak
 15864 | Lair:2   | Noticed a death yak
 15865 | Lair:2   | Noticed a death yak
 15895 | Lair:2   | Killed a death yak
 15896 | Lair:2   | Reached skill level 10 in Fighting
 15912 | Lair:2   | Killed a death yak
 15913 | Lair:2   | Noticed a death yak
 15925 | Lair:2   | Killed a death yak
 15932 | Lair:2   | Killed a death yak
 16099 | Lair:2   | Identified the +7 dagger of Dithmenos, Fortifying {flame,
                  | Dex+5}
 16730 | Lair:3   | Found a transporter.
 16741 | Lair:3   | Noticed Vade Gum's ghost (journeyman DsGl)
 16831 | Lair:3   | Found a frozen archway.
 16853 | IceCv    | Entered an ice cave
 16870 | IceCv    | Reached XP level 13. HP: 46/62 MP: 14/14
 17466 | Lair:3   | Found a transporter.
 18167 | Lair:4   | Identified the "Uppeyrot"
 18253 | Lair:4   | Noticed Snorg
 18657 | Lair:3   | Killed Snorg
 18665 | Lair:3   | Learned a level 4 spell: Passage of Golubria
 18771 | Lair:3   | Reached skill level 10 in Unarmed Combat
 18980 | Lair:4   | Reached skill level 1 in Spellcasting
 19107 | Lair:4   | Identified the +1 pair of gloves of Jigsaw {Int+3}
 19371 | Lair:4   | Reached skill level 5 in Translocations
 19380 | Lair:4   | Slain by a yak
 19491 | Lair:4   | Found a runed translucent gate.
 19492 | Lair:4   | Found a runed translucent gate.
 19493 | Lair:4   | Found a runed translucent gate.
 19833 | Lair:4   | Noticed Pecete's ghost (journeyman DrDe)
 20059 | Orc:1    | Entered Level 1 of the Orcish Mines
 20772 | Lair:1   | Bought a potion of haste for 130 gold pieces
 20772 | Lair:1   | Bought a scroll of teleportation for 39 gold pieces
 20839 | Gauntlet | Identified the of Urroor
 20839 | Orc:2    | Entered Level 2 of the Orcish Mines
 20850 | Orc:2    | Noticed Nessos
 20850 | Orc:2    | Found a gate leading to a gauntlet.
 20855 | Gauntlet | Entered a Gauntlet
 20855 | Gauntlet | Found a transporter.
 20855 | Gauntlet | HP: 3/63 [poisoned by Nessos]
 21031 | Gauntlet | Found a transporter.
 21033 | Gauntlet | Found a transporter.
 21036 | Gauntlet | Found a transporter.
 21036 | Gauntlet | Found a transporter.
 21037 | Gauntlet | Found a transporter.
 21045 | Gauntlet | Found a transporter.
 21052 | Gauntlet | Found a transporter.
 21115 | Gauntlet | Found a transporter.
 21117 | Gauntlet | Found a transporter.
 21120 | Gauntlet | Found a transporter.
 21151 | Gauntlet | Found a transporter.
 21475 | Gauntlet | Noticed a minotaur
 21494 | Gauntlet | Killed a minotaur
 22204 | Orc:2    | Found Ihipnik's Jewellery Shoppe.
 22271 | Orc:2    | Found Uriafim's Antique Weapon Boutique.
 22353 | Orc:2    | Found a staircase to the Elven Halls.
 22631 | Orc:2    | Killed Nessos
 22981 | Orc:2    | Noticed an orc warlord
 23010 | Orc:1    | Slain by an orc warlord
 23048 | Orc:1    | Killed an orc warlord
 23776 | Orc:2    | Noticed Saint Roka
 23873 | Orc:1    | Reached skill level 10 in Translocations
 24411 | Orc:2    | Found Pujilagg's Jewellery Boutique.
 24598 | Orc:2    | Found Qipp's Antique Armour Shop.
 24602 | Orc:2    | Found Uttiak's Antique Weapon Boutique.
 24615 | Orc:2    | Reached XP level 14. HP: 53/69 MP: 19/19
 24887 | Orc:2    | Killed Saint Roka
 25187 | Orc:2    | Bought the amulet "Jidwanel" {rC+ Regen+ Dex+2} for 626
                  | gold pieces
 25224 | Snake:4  | Identified the "Gorhegon"
 25224 | Vaults:5 | Identified the of Duru Gae
 25224 | Crypt:3  | Identified the of Xythro Juybb
 25224 | Crypt:3  | Identified the "Pojoimi"
 25224 | Crypt:3  | Identified the "Ivairph"
 25224 | Depths:4 | Identified the of Dowaa
 25224 | Elf:1    | Identified the "Iluikkus"
 25224 | Elf:1    | Entered Level 1 of the Elven Halls
 25299 | Elf:1    | Found Gonudd's Antique Armour Emporium.
 25349 | Elf:1    | Shot with an arrow by a deep elf archer

Illustrated notes

Levels and vault maps discovered:
D:1:      dpeg_arrival_pond, layout_basic
D:2:      layout_basic
D:3:      layout_rooms, nicolae_ru_path_of_blood, eino_tiny_chamber
D:4:      layout_gridville, nicolae_overflow_hidden_temple, serial_shops, shop,
          shop, shop, shop, shop, minmay_cut_off, uniq_edmund
D:5:      layout_basic, serial_shops, nicolae_shop_overgrown_old_shop,
          minmay_shop_enchanted_jewellery, dk_noncrumbling_2,
          grunt_decor_junction, chequers_serial_rivers_micro_e,
          nicolae_hexahallways, hangedman_abyss_or_decor_stagger,
          lightli_corner_chamber
D:6:      layout_rooms, ebering_dispersal_statue_hall, kb_lookout_dungeons_type,
          uniq_duvessa
D:7:      minmay_opposing_rooms, layout_basic, nicolae_overflow_crystal_walls,
          kennysheep_mini, temple_doors_e, minmay_misc_feat_doors
D:8:      layout_rooms, nicolae_wu_jian_immortal_techniques, uniq_prince_ribbit1
D:9:      layout_roguey, mainiacjoe_overflow_catwalk, dancing_weapons_uskayaw,
          dpeg_oklobed_lair, eino_house_with_fridge
D:10:     layout_basic, lemuel_coloured_pillars_altar, general_overflow_altar,
          orc_david_3, minmay_fractal_squares_diagonal_5
Temple:   dshaligram_water_room_temple
Lair:1:   layout_regular_city, enter_volcano_4, uniq_joseph
Lair:2:   layout_concentric_octagons, minmay_shoals_entry_hut,
          minmay_snake_entry_six_corridors, minmay_stone_trees_small
Lair:3:   layout_cave_pods, nzn_ghost_randoct, portal_ice_cave_entry_pillars_1,
          infiniplex_staircase_pool_2
Lair:4:   layout_long_grid, gammafunk_ghost_icy, kennysheep_abandoned_house,
          grunt_megastairs_2, infiniplex_staircase_pool, lemuel_fruit_tree,
          uniq_snorg
Orc:1:    layout_diamond_mine
Orc:2:    grunt_orc_community_town_hall, layout_caves,
          grunt_orc_community_big_house_1, grunt_orc_community_big_house_1,
          grunt_orc_community_house_1, grunt_orc_community_house_1,
          grunt_orc_community_house_3, grunt_orc_community_house_1,
          grunt_orc_community_house_3, gauntlet_entry_generic, serial_shops,
          nicolae_shop_gaudy_bauble, uniq_nessos, uniq_saint_roka
Elf:1:    layout_rooms, serial_shops, shop,
          hangedman_elven_crosses_minicolossus, nicolae_wooded_promenade,
          nicolae_elf_shapeshifter_party

Skill      XL: |  1  2  3  4  5  6  7  8  9 10 11 12 13 14 |
---------------+-------------------------------------------+-----
Dodging        | 3 5 7 8 11 13 15 | 15.0
Fighting       | 2 3 4 7 10 12 | 12.0
Shapeshifting  | 5 7 8 10 12 14 | 14.0
Unarmed Combat | 4 5 9 10 | 10.0
Spellcasting   | 3 |  3.8
Translocations | 11 12 | 12.0

Action                     |  1- 3 |  4- 6 |  7- 9 | 10-12 | 13-15 || total
---------------------------+-------+-------+-------+-------+-------++-------
  Melee: Unarmed           |    96 |   163 |   306 |   973 |   878 ||  2416
         Bite              |    10 |    11 |    41 |   167 |   131 ||   360
         Punch             |     1 |     4 |     1 |       |       ||     6
   Cast: Manifold Assault  |       |       |       |       |    40 ||    40
 Invoke: Call Merchant     |       |       |       |       |     2 ||     2
         Potion Petition   |       |       |       |       |     1 ||     1
  Evoke: Wand              |       |       |     4 |    11 |     9 ||    24
    Use: Scroll            |       |     6 |     7 |     5 |     6 ||    24
         Potion            |       |     1 |     4 |     3 |    10 ||    18
   Stab: Sleeping          |     2 |     2 |       |       |       ||     4
         Invisible         |       |       |       |     6 |     6 ||    12
         Distracted        |       |       |       |     3 |     3 ||     6
 Armour: Skin              |    35 |    47 |   114 |   299 |   161 ||   656
  Dodge: Dodged            |    61 |   176 |   311 |  1178 |   807 ||  2533
  Block: Other             |       |       |       |       |    90 ||    90
         Reflection        |       |       |       |       |     3 ||     3
   Form: Flux              |       |       |     1 |       |     2 ||     3
         Death             |       |       |       |       |     2 ||     2

Table legend: (Time is in decaauts)
 A = Elapsed time spent in this place.
 B = Non-inter-level travel time spent in this place.
 C = Inter-level travel time spent in this place.
 D = Time resting spent in this place.
 E = Time spent auto-exploring this place.
 F = Levels seen in this place.
 G = Mean time per level.
                   A        B        C        D        E       F      G
               +--------+--------+--------+--------+--------+-----+--------+
         Total |  22337 |  20318 |   2019 |   7015 |   5895 |  20 | 1116.8 |
       Dungeon |  11550 |  10151 |   1399 |   3007 |   3635 |  10 | 1155.0 |
        Temple |     87 |     85 |      2 |     52 |      0 |   1 |   87.0 |
          Lair |   5941 |   5457 |    484 |   1763 |   1704 |   4 | 1485.2 |
  Orcish Mines |   3655 |   3523 |    132 |   1578 |    556 |   2 | 1827.5 |
   Elven Halls |     70 |     70 |      0 |      0 |      0 |   1 |   70.0 |
      Ice Cave |    370 |    370 |      0 |    246 |      0 |   1 |  370.0 |
      Gauntlet |    661 |    661 |      0 |    369 |      0 |   1 |  661.0 |
               +--------+--------+--------+--------+--------+-----+--------+

Top non-repeatable levels by time:
   Orc:2: 2006 daAuts
  Lair:1: 1903 daAuts
  Lair:2: 1829 daAuts
   Orc:1: 1649 daAuts
     D:7: 1500 daAuts
     D:5: 1414 daAuts
    D:10: 1395 daAuts
     D:9: 1284 daAuts
  Lair:3: 1243 daAuts
     D:2: 1137 daAuts
     D:4: 1133 daAuts
     D:6: 1099 daAuts
     D:8: 1014 daAuts
  Lair:4: 964 daAuts
     D:1: 812 daAuts
